 Dungeon Crawl Stone Soup version 0.31-a0-532-g28f74ba3e5 (webtiles) character file.

Game seed: 5848029824818086665

4820 Shayle the Ruffian (level 10, 0/102 HPs)
             Began as an Ogre Shapeshifter on Aug 12, 2023.
             Was a Believer of Kikubaaqudgha.
             Slain by a vampire (6 damage)
             ... on level 11 of the Dungeon.
             The game lasted 00:25:54 (11513 turns).

Shayle the Ruffian (Ogre Shapeshifter)             Turns: 11513, Time: 00:25:55

Health: 0/102      AC:  4    Str: 21    XL:     10   Next: 48%
Magic:  19/19      EV:  9    Int: 13    God:    Kikubaaqudgha [**....]
Gold:   213        SH:  0    Dex: 11    Spells: 13/21 levels left

rFire   . . .        t - +4 long sword of the Gloaming {spect, rPois rC++ Dex-4 Stlth+}
rCold   + + .        (no shield)
rNeg    . . .        b - +0 troll leather armour
rPois   +            (helmet currently unavailable)
rElec   .            (cloak currently unavailable)
rCorr   .            (gloves unavailable)
SInv    .            (boots unavailable)
Will    +....        (no amulet)
Stlth   ++           o - +6 ring of dexterity
HPRegen 1.17/turn    (no ring)
MPRegen 0.16/turn

%: no passive effects
@: beast-form
A: beast (slay +3), large, unfitting armour, tough skin 1
a: Begin Untransformation, Renounce Religion, Unearth Wretches


You were on level 11 of the Dungeon.
You worshipped Kikubaaqudgha.
Kikubaaqudgha was pleased with you.
You were a hulking beast.
You visited 2 branches of the dungeon, and saw 11 of its levels.

You collected 667 gold pieces.
You spent 454 gold pieces at shops.

Inventory:

Hand Weapons
 e - a +1 dagger of protection
 j - a +3 dagger of speed
 q - a +1 trident of venom
 t - the +4 long sword of the Gloaming (weapon) {spect, rPois rC++ Dex-4 Stlth+}
   (You found it on level 8 of the Dungeon)

   Dex-4:     It affects your dexterity (-4).
   rC++:      It greatly protects you from cold.
   rPois:     It protects you from poison Stlth+: It makes you more stealthy.
 u - a +3 dagger of venom
 A - a +0 triple crossbow
 D - a +1 giant spiked club
Missiles
 f - 3 large rocks (quivered)
Armour
 a - a +0 animal skin
 b - a +0 troll leather armour (worn)
 l - a +2 cloak
Jewellery
 m - a ring of fire
 o - a +6 ring of dexterity (left hand)
 y - a ring of ice
 C - a ring of ice
Talismans
 c - a beast talisman (active)
 d - a flux talisman
Wands
 B - a wand of light (2)
Scrolls
 h - 4 scrolls of enchant armour
 i - 5 scrolls of teleportation
 n - a scroll of fog
 s - a scroll of poison
 w - 4 scrolls of identify
Potions
 k - 2 potions of magic
 p - 3 potions of curing
 r - 2 potions of mutation
 v - a potion of lignification
 x - 2 potions of haste
 z - a potion of invisibility {unknown}


   Skills:
 - Level 7.3 Fighting
 - Level 5.2 Throwing
 - Level 2.0 Dodging
 + Level 7.9 Unarmed Combat
 + Level 6.4 Spellcasting
 + Level 5.3 Necromancy
 + Level 5.4 Shapeshifting


You had 13 spell levels left.
You knew the following spells:

 Your Spells              Type           Power      Damage    Failure   Level
a - Vampiric Draining     Necr           18%        2d7       6%          3
b - Necrotise             Necr           72%        1d7       1%          1
c - Animate Dead          Necr           18%        N/A       21%         4

Your spell library contained the following spells:

 Spells                   Type           Power      Damage    Failure   Level
 Kiss of Death            Conj/Necr      44%        2d8       6%          1
 Magic Dart               Conj           16%        1d3       19%         1
 Blink                    Tloc           8%         N/A       28%         2
 Lesser Beckoning         Tloc           8%         N/A       28%         2
 Momentum Strike          Conj/Tloc      8%         3d8       28%         2
 Searing Ray              Conj           8%         2d4       28%         2
 Ozocubu's Armour         Ice            4%         N/A       50%         3
 Animate Armour           Summ/Erth      8%         N/A       88%         4
 Fulminant Prism          Conj/Hex       2%         3d5       88%         4
 Summon Lightning Spire   Summ/Air       4%         N/A       88%         4
 Lee's Rapid Deconstruct  Erth           2%         3d4*      99%         5
 Ozocubu's Refrigeration  Ice            2%         4d7       100%        7


Dungeon Overview and Level Annotations

Branches:
Dungeon (9/15)             Temple (1/1) D:5
   Lair: D:8-11         Orc: D:9-12

Altars:
Ashenzari
Dithmenos
Elyvilon
Fedhas
Gozag
Hepliaklqana
Kikubaaqudgha
Makhleb
Nemelex Xobeh
Okawaru
Qazlal
Ru
Sif Muna
Trog
Uskayaw
Vehumet
Wu Jian
Xom
Yredelemnul
Zin
The Shining One

Shops:
D:5 ?(!

Annotations:
D:3 3 runed translucent doors, bahustanut's ghost, weakling DsCK; epsilonplus's ghost, amateur VSGl
D:6 1 runed translucent door, Crazy Yiuf
D:7 Jeremiah; Joseph


Innate Abilities, Weirdness & Mutations

You are a hulking beast.
Your limbs bulge with bestial killing power. (Slay +3)
You are too large for most types of armour.
You have tough skin. (AC +1)


Message History

Unknown command.
You hit the cyclops.
The cyclops is heavily wounded.
The cyclops barely misses you.
Unknown command.
You hit the cyclops.
The cyclops is severely wounded.
You hear the faint crackling of a distant melting archway.
The cyclops hits you!!
* * * LOW HITPOINT WARNING * * *
Unknown command.
You feel better. The cyclops hits you.
* * * LOW HITPOINT WARNING * * *
Unknown command.
You hit the cyclops.
The cyclops is severely wounded.
The cyclops is no longer blind.
The cyclops hits you.
* * * LOW HITPOINT WARNING * * *
Unknown command.
You hit the cyclops but do no damage.
The cyclops is severely wounded.
The cyclops barely misses you.
Unknown command.
Aiming: Bolt of Light
Press: ? - help, Shift-Dir - straight line The bolt of light hits the cyclops!
You kill the cyclops!
Kikubaaqudgha accepts your kill.
Unknown command.
You hit something. Something hits you!
* * * LOW HITPOINT WARNING * * *
Something bites you but does no damage.
You slash something! Something hits you.
* * * LOW HITPOINT WARNING * * *
Something bites you!
* * * LOW HITPOINT WARNING * * *
Something draws strength from your injuries!
Something hits you but does no damage. Something bites you.
You die...
Kikubaaqudgha rasps: "You have failed me!
Welcome... death!"

## #. #...# . #. #...#
# #.#. #...#####. .
#.##.#<#####....$....
..
#....................
...
##............C.....
...
.......V............ ..
....##.####...#####.#
... #.# #...{h....# # .
#.# #...####### #.##.
#.# #...# .....##.#
#...# #.......#####.##
.............[#########
##.####.#####.#.......#
# #.## #.......#.#
.....##.#..##.#.##


There were no monsters in sight!

Vanquished Creatures
  A two-headed ogre (D:8)
  Pikel (D:6)
  A cyclops (D:11)
  Grinder (D:6)
  A troll (D:8)
  Eustachio (D:6)
  2 steam dragons
  A water moccasin (D:6)
  Duvessa (D:4)
  An orc warrior (D:8)
  2 ice beasts
  A black bear (D:4)
  2 ogres
  A lemure (D:6)
  3 phantoms
  A gnoll sergeant (D:8)
  2 bullfrogs (D:8)
  6 scorpions
  Dowan (D:4)
  5 hounds
  2 jellies
  A gnoll bouda (D:8)
  3 orc priests
  Jessica (D:3)
  A sleepcap (D:7)
  6 iguanas
  2 orc wizards
  Robin (D:3)
  14 gnolls
  13 adders
  A shadow imp (D:7)
  2 white imps
  A worm (D:2)
  3 dart slugs
  27 orcs
  12 ball pythons
  6 endoplasms
  2 giant cockroaches
  13 hobgoblins
  6 jackals
  4 quokkas
  7 bats
  5 frilled lizards
  22 goblins
  8 kobolds
  7 rats
205 creatures vanquished.

Vanquished Creatures (collateral kills)
  A gnoll (D:8)
1 creature vanquished.

Grand Total: 206 creatures vanquished

Notes
Turn   | Place    | Note
-------+----------+-------------------------------------------
     0 | D:1      | Shayle the Ogre Shapeshifter began the quest for the Orb.
     0 | D:1      | Reached XP level 1. HP: 19/19 MP: 1/1
   143 | D:1      | Reached XP level 2. HP: 25/28 MP: 2/2
   559 | D:1      | Reached XP level 3. HP: 36/36 MP: 3/3
   741 | D:1      | Reached skill level 1 in Throwing
  1160 | D:2      | Reached XP level 4. HP: 45/45 MP: 4/4
  1194 | D:2      | Noticed Robin
  1285 | D:3      | Killed Robin
  1979 | D:3      | Found a runed translucent gate.
  1979 | D:3      | Found a runed translucent gate.
  1979 | D:3      | Found a runed translucent gate.
  1979 | D:3      | Noticed bahustanut's ghost (weakling DsCK)
  1980 | D:3      | Noticed epsilonplus's ghost (amateur VSGl)
  2038 | D:3      | Reached XP level 5. HP: 38/54 MP: 5/5
  2351 | D:3      | Noticed Jessica
  2370 | D:3      | Killed Jessica
  2589 | D:3      | Found a hide-covered altar of Uskayaw.
  2589 | D:3      | Found an ornate altar of the Wu Jian Council.
  2589 | D:3      | Found an ancient bone altar of Kikubaaqudgha.
  2595 | D:3      | Became a worshipper of Kikubaaqudgha
  2724 | D:4      | Noticed Duvessa
  2724 | D:4      | Noticed Dowan
  2753 | D:3      | Reached XP level 6. HP: 30/63 MP: 6/6
  3212 | D:4      | Noticed a black bear
  3225 | D:4      | Killed a black bear
  3226 | D:4      | Reached skill level 5 in Fighting
  3249 | D:4      | HP: 4/99 [gnoll/+2 whip of flaming (5)]
  3274 | D:4      | Reached XP level 7. HP: 15/72 MP: 7/7
  3592 | D:4      | Killed Duvessa
  3599 | D:4      | Killed Dowan
  4335 | D:4      | Reached skill level 5 in Unarmed Combat
  4630 | D:5      | Entered Level 5 of the Dungeon
  4684 | D:5      | Found Zixoqem's Distillery.
  4691 | D:5      | Bought a potion of heal wounds for 70 gold pieces
  4691 | D:5      | Bought a potion of curing for 42 gold pieces
  4691 | D:5      | Bought a potion of curing for 42 gold pieces
  4691 | D:5      | Bought a potion of mutation for 112 gold pieces
  4691 | D:5      | Bought 2 potions of heal wounds for 140 gold pieces
  5002 | D:5      | Reached XP level 8. HP: 77/84 MP: 8/8
  5085 | D:5      | Reached * piety under Kikubaaqudgha
  5085 | D:5      | Received a gift from Kikubaaqudgha
  5086 | D:5      | Reached skill level 5 in Throwing
  5103 | D:5      | Learned a level 3 spell: Vampiric Draining
  5448 | D:5      | Found a staircase to the Ecumenical Temple.
  5460 | Temple   | Entered the Ecumenical Temple
  5541 | D:5      | Reached skill level 1 in Spellcasting
  5541 | D:5      | Found Pejifurgh's Weapon Shoppe.
  5664 | D:5      | Found Waef's Magic Scroll Shop.
  5670 | D:5      | Bought a scroll of identify for 24 gold pieces
  5670 | D:5      | Bought a scroll of identify for 24 gold pieces
  5941 | D:5      | Reached skill level 1 in Necromancy
  6062 | D:6      | Noticed Eustachio
  6086 | D:6      | Killed Eustachio
  6642 | D:6      | Reached XP level 9. HP: 69/93 MP: 13/13
  8023 | D:6      | Noticed Grinder
  8030 | D:6      | Killed Grinder
  8030 | D:6      | Reached ** piety under Kikubaaqudgha
  8206 | D:6      | Found a runed translucent door.
  8207 | D:6      | Noticed Crazy Yiuf
  8239 | D:7      | Noticed Pikel
  8421 | D:6      | HP: 1/93 [Pikel/+2 whip of freezing (4)]
  8423 | D:6      | Killed Pikel
  8650 | D:6      | Learned a level 1 spell: Necrotise
  8655 | D:6      | Learned a level 4 spell: Animate Dead
  8786 | D:7      | Reached skill level 5 in Spellcasting
  9447 | D:7      | Noticed Jeremiah
  9450 | D:7      | Noticed Joseph
  9461 | D:8      | Noticed a troll
  9744 | D:8      | Reached XP level 10. HP: 19/102 MP: 3/18
 10659 | D:8      | Reached skill level 5 in Shapeshifting
 10919 | D:8      | Identified the +4 long sword of the Gloaming {spect, rPois
                  | rC++ Dex-4 Stlth+}
 10938 | D:8      | Noticed a two-headed ogre
 10949 | D:8      | Killed a two-headed ogre
 10950 | D:8      | Reached skill level 5 in Necromancy
 11324 | D:9      | Paralysed by a hornet for 2 turns
 11409 | D:9      | You fall into a shaft and drop 2 floors!
 11487 | D:11     | Noticed a cyclops
 11511 | D:11     | Killed a cyclops
 11513 | D:11     | Slain by a vampire

Illustrated notes

Levels and vault maps discovered:
D:1:      dpeg_arrival_tiny_d, layout_loops_ring, chequers_garden,
          minmay_misc_feat_x, minivault_26, minmay_quantized
D:2:      layout_basic, uniq_robin
D:3:      layout_rooms, gammafunk_temple_overflow_forgotten,
          gammafunk_ghost_cemetery, nicolae_titane, uniq_jessica
D:4:      minmay_polygon_palace, layout_rooms, uniq_duvessa
D:5:      layout_loops_cross, minmay_temple_entry_metal_lava, serial_shops,
          shop, nicolae_shop_tiny_statue_garden, shop
D:6:      old_forge, layout_basic, uniq_eustachio, uniq_crazy_yiuf_cottage,
          uniq_grinder
D:7:      layout_loops_ring, cheibriados_altar_1, uniq_pikel, uniq_jeremiah,
          uniq_joseph
D:8:      layout_rooms, hangedman_abyss_or_decor_jellyfish_corner,
          grunt_decor_cap, nicolae_grassy_gnolls
D:9:      layout_basic, erik_lair_dragon, grunt_decor_arrowhead,
          nicolae_blasting_shop
D:11:     layout_loops_cross, portal_ice_cave_entry_ice_simulacra,
          chequers_guarded_unrand_ignorance
Temple:   dpeg_five_rooms_temple

Skill      XL: |  1  2  3  4  5  6  7  8  9 10 |
---------------+-------------------------------+-----
Dodging        | 2 |  2.0
Fighting       | 2 3 4 5 6 7 |  7.3
Unarmed Combat | 3 4 5 6 7 |  7.9
Throwing       | 1 2 3 4 5 |  5.2
Spellcasting   | 3 5 6 |  6.4
Necromancy     | 2 4 5 |  5.3
Shapeshifting  | 4 5 |  5.4

Action                     |  1- 3 |  4- 6 |  7- 9 | 10-12 || total
---------------------------+-------+-------+-------+-------++-------
  Melee: Unarmed           |   107 |       |       |       ||   107
         Punch             |     1 |     5 |    18 |     3 ||    27
         Dagger            |    37 |   252 |   395 |    51 ||   735
         Long sword        |       |       |       |    16 ||    16
   Fire: Triple crossbow   |       |       |    11 |       ||    11
  Throw: Large rock        |       |       |       |     1 ||     1
   Cast: Vampiric Draining |       |       |    10 |       ||    10
         Necrotise         |       |       |       |     1 ||     1
  Evoke: Wand              |       |       |     9 |    10 ||    19
    Use: Scroll            |       |    10 |     9 |     2 ||    21
         Potion            |       |     5 |     8 |     2 ||    15
   Stab: Sleeping          |     2 |       |     2 |       ||     4
         Invisible         |       |       |       |     1 ||     1
 Armour: Animal skin       |    42 |    49 |    69 |     7 ||   167
         Skin              |       |     1 |       |     8 ||     9
         Troll leather arm |       |       |       |     6 ||     6
  Dodge: Dodged            |    68 |   123 |   240 |    52 ||   483

Table legend: (Time is in decaauts)
 A = Elapsed time spent in this place.
 B = Non-inter-level travel time spent in this place.
 C = Inter-level travel time spent in this place.
 D = Time resting spent in this place.
 E = Time spent auto-exploring this place.
 F = Levels seen in this place.
 G = Mean time per level.
                   A        B        C        D        E       F      G
               +--------+--------+--------+--------+--------+-----+--------+
         Total |  11431 |  11218 |    213 |   3775 |   5191 |  11 | 1039.2 |
       Dungeon |  11429 |  11216 |    213 |   3775 |   5191 |  10 | 1142.9 |
        Temple |      1 |      1 |      0 |      0 |      0 |   1 |    1.0 |
               +--------+--------+--------+--------+--------+-----+--------+

Top non-repeatable levels by time:
     D:6: 2582 daAuts
     D:8: 1906 daAuts
     D:3: 1433 daAuts
     D:5: 1430 daAuts
     D:4: 1321 daAuts
     D:1: 959 daAuts
     D:2: 831 daAuts
     D:7: 811 daAuts
    D:11: 107 daAuts
     D:9: 46 daAuts
  Temple: 1 daAuts
